 Dungeon Crawl Stone Soup version 0.28-a0-683-ga8797d1ae1 (webtiles) character file.

Game seed: 4173189812575681464

154 KoroneIsBestGirl the Skirmisher (level 5, 0/57 HPs)
             Began as an Ogre Fighter on Oct 18, 2021.
             Slain by Menkaure (6 damage)
             ... on level 4 of the Dungeon on Oct 19, 2021.
             The game lasted 00:05:29 (4739 turns).

KoroneIsBestGirl the Skirmisher (Ogre Fighter)      Turns: 4739, Time: 00:05:30

Health: 0/57       AC: 11    Str: 21    XL:     5   Next: 36%
Magic:  5/5        EV:  4    Int:  9    God:
Gold:   135        SH:  7    Dex:  8    Spells: 4/4 levels left

rFire   . . .      SeeInvis .   a - +0 flail
rCold   . . .      Faith    .   c - +0 kite shield
rNeg    . . .      Spirit   .   p - +0 shadow dragon scales
rPois   .          Reflect  .   (helmet restricted)
rElec   .          Harm     .   (no cloak)
rCorr   .          Rampage  .   (gloves unavailable)
Will    .....                   (boots unavailable)
Stlth   ++........              e - amulet of magic regeneration
HPRegen 0.19/turn               (no ring)
MPRegen 0.34/turn               (no ring)

@: no status effects
A: large, unfitting armour, tough skin 1
a: no special abilities


You were on level 4 of the Dungeon.
You visited 1 branch of the dungeon, and saw 4 of its levels.

You collected 135 gold pieces.

Inventory:

Hand Weapons
 a - a +0 flail (weapon)
 u - a +0 whip of freezing
Missiles
 j - a throwing net (quivered)
Armour
 b - a +0 robe
 c - a +0 kite shield (worn)
 p - +0 shadow dragon scales (worn)
Jewellery
 e - an amulet of magic regeneration (around neck)
Wands
 m - a wand of polymorph (8)
Scrolls
 f - 2 scrolls of identify {unknown}
 g - a scroll of teleportation {unknown}
 l - 2 scrolls of enchant weapon {unknown}
 q - a scroll of torment {unknown}
 t - a scroll of immolation {unknown}
Potions
 d - a potion of might
 h - 2 potions of brilliance {unknown}
 i - a potion of degeneration {unknown}
 k - a potion of flight {unknown}
 n - a potion of resistance {unknown}
 o - 2 potions of curing {unknown}
 r - a potion of mutation {unknown}
 s - a potion of lignification {unknown}


   Skills:
 + Level 5.1 Fighting
 + Level 2.7 Maces & Flails
 * Level 1.0 Armour
 + Level 3.4 Dodging
 + Level 3.4 Shields


You had 4 spell levels left.
You didn't know any spells.
Your spell library contained the following spells:

 Spells                   Type           Power      Damage    Failure   Level
 Sublimation of Blood     Necr           0%         N/A       100%        2
 Petrify                  Tmut/Erth      0%         N/A       100%        4
 Irradiate                Conj/Tmut      0%         3d13      100%        5


Dungeon Overview and Level Annotations

Branches:
Dungeon (4/15)
 Temple: D:4-7

Altars:

Shops:
D:2 (   D:3 :

Annotations:
D:4 Menkaure


Innate Abilities, Weirdness & Mutations

You are too large for most types of armour.
You have tough skin. (AC +1)


Message History

You are too injured to fight recklessly!
You are too injured to fight recklessly!
You are too injured to fight recklessly!
You are too injured to fight recklessly!
You are too injured to fight recklessly!
You are too injured to fight recklessly!
You are too injured to fight recklessly!
You are too injured to fight recklessly!
You are too injured to fight recklessly!
You are too injured to fight recklessly!
You are too injured to fight recklessly!
You are too injured to fight recklessly!
You are too injured to fight recklessly!
You are too injured to fight recklessly!
You are too injured to fight recklessly!
You are too injured to fight recklessly!
You are too injured to fight recklessly!
You are too injured to fight recklessly!
You are too injured to fight recklessly!
You are too injured to fight recklessly!
Your shadow dragon scales prevents you from hitting Menkaure.
Menkaure is almost destroyed.
Menkaure mumbles some strange words.
Menkaure seems to speed up.
You barely miss Menkaure.
Menkaure is almost destroyed.
Menkaure hits you!
* * * LOW HITPOINT WARNING * * *
Menkaure hits you.
* * * LOW HITPOINT WARNING * * *
You barely miss Menkaure.
Menkaure is almost destroyed.
Menkaure hits you.
* * * LOW HITPOINT WARNING * * *
Menkaure hits you.
* * * LOW HITPOINT WARNING * * *
Your shield and shadow dragon scales prevent you from hitting Menkaure.
Menkaure is almost destroyed.
Menkaure hits you.
You die...

♣...♣ .... .
....
$.####..######
.............##
..............#
.......M......#
.......@......#
.......<......#
...............
..............#
............###
............#
...........##
..........##
.........##


You could see Menkaure (fast).

Vanquished Creatures
  An orc priest (D:3)
  4 gnolls
  An adder (D:2)
  4 worms
  A dart slug (D:3)
  10 orcs (D:3)
  2 ball pythons
  An endoplasm (D:3)
  A giant cockroach (D:2)
  2 goblins
  4 hobgoblins
  5 jackals
  5 kobolds
  2 quokkas (D:3)
  3 bats
  2 frilled lizards
  4 rats
52 creatures vanquished.

Notes
Turn   | Place    | Note
-------+----------+-------------------------------------------
     0 | D:1      | KoroneIsBestGirl the Ogre Fighter began the quest for the
                  | Orb.
     0 | D:1      | Reached XP level 1. HP: 24/24 MP: 1/1
   475 | D:1      | Reached XP level 2. HP: 20/32 MP: 2/2
   639 | D:1      | Found a faded altar of an unknown god.
  1449 | D:1      | Reached XP level 3. HP: 36/40 MP: 3/3
  2281 | D:2      | Reached XP level 4. HP: 5/49 MP: 4/4
  2943 | D:2      | Found Xyntur's Weapon Shoppe.
  3715 | D:3      | Found Niloteuni's Book Emporium.
  3800 | D:3      | Reached skill level 5 in Fighting
  3962 | D:3      | Reached XP level 5. HP: 35/57 MP: 5/5
  3972 | D:3      | Reached skill level 1 in Armour
  4559 | D:4      | Noticed Menkaure
  4739 | D:4      | Slain by Menkaure

Illustrated notes

Levels and vault maps discovered:
D:1:      giann_bridges, layout_loops_ring, shapermc_ecumenical_altar_petra
D:2:      layout_basic, serial_shops, shop_statue
D:3:      layout_basic, nicolae_overflow_hidden_temple, serial_shops, shop
D:4:      layout_cave_pods, mainiacjoe_overflow_six_doors_small,
          mainiacjoe_overflow_cross_hatched, cheibriados_altar_1,
          uniq_eustachio, uniq_blork_the_orc, uniq_crazy_yiuf_cottage,
          uniq_menkaure

Skill      XL: |  1  2  3  4  5 |
---------------+----------------+-----
Maces & Flails | 2 |  2.7
Dodging        | 3 |  3.4
Shields        | 3 |  3.4
Fighting       | 5 |  5.1
Armour         | 1 |  1.0

Action                   |  1- 3 |  4- 6 || total
-------------------------+-------+-------++-------
Melee: Flail             |    60 |   148 ||   208
 Stab: Sleeping          |       |     1 ||     1
Armor: Robe              |     8 |    31 ||    39
       Shadow dragon sca |       |    40 ||    40
Dodge: Dodged            |    15 |    45 ||    60
Block: Kite shield       |    21 |    62 ||    83

Table legend: (Time is in decaauts)
 A = Elapsed time spent in this place.
 B = Non-inter-level travel time spent in this place.
 C = Inter-level travel time spent in this place.
 D = Time resting spent in this place.
 E = Time spent auto-exploring this place.
 F = Levels seen in this place.
 G = Mean time per level.
                   A        B        C        D        E       F      G
               +--------+--------+--------+--------+--------+-----+--------+
         Total |   4843 |   4706 |    137 |   2164 |   1978 |   4 | 1210.8 |
       Dungeon |   4843 |   4706 |    137 |   2164 |   1978 |   4 | 1210.8 |
               +--------+--------+--------+--------+--------+-----+--------+

Top non-repeatable levels by time:
     D:1: 2444 daAuts
     D:3: 1266 daAuts
     D:2: 1114 daAuts
     D:4: 18 daAuts
